nht, chaotic female elven Wizard ----- #-...| #|...| ------ --- #|<..| |.... . #|...+ +...----- .- ----- #----- |...|+++| -------.| |(((| ### ....|?++| |.....|.| |(((| | # |...|...-+-|.._..|.-+-|.. ---.| # |...--|--.(|.... |....-|---....| ----------# ### #|..........|.. |.............| |........-#########.........{.-|-----.{............ |........|### #|..............................| |......... |...--%--...........-+---|--...| |........| |...|...|-------.---- |.@.| .| |........| |...|(.(| |(!.-.+ |!*%| | |........ |...|.(.| |.%%|.| |!)@| ---------- |...----- -----.- ----- ..... .. ------ ---- nht the Conjurer Experience level: 5 Strength: 12 Dexterity: 14 Constitution: 15 Intelligence: 14 Wisdom: 11 Charisma: 8 Health: 0(38) Energy: 53(55) Def: 1 Gold: 19 Moves: 450 Dungeon seed: rKwAkbANJK1qkLJH Game ID: nht_1433831664 Your Inventory: Coins $ - 19 gold pieces Amulets w - an uncursed amulet of change Weapons a - a blessed +1 quarterstaff (weapon in hands) B - 23 +0 crossbow bolts C - 9 blessed +0 darts G - a +0 arrow Armor e - an uncursed +0 cloak of magic resistance (being worn) r - an uncursed +0 dwarvish cloak y - an uncursed +0 dwarvish cloak Comestibles E - 2 uncursed food rations Scrolls j - a blessed scroll of confuse monster k - an uncursed scroll of create monster v - a blessed scroll of enchant weapon Spellbooks m - a blessed spellbook of magic missile n - an uncursed spellbook of clairvoyance s - a blessed spellbook of detect monsters Potions f - an uncursed potion of gain energy g - an uncursed potion of confusion z - an uncursed potion of restore ability Rings c - an uncursed ring of teleport control d - an uncursed ring of invisibility D - an uncursed ring of stealth Tools b - an uncursed sack i - an uncursed oil lamp (0:1052) o - a magic marker (0:58) p - an uncursed wooden harp t - an uncursed magic whistle A - an uncursed tallow candle (0:200) F - a cursed tallow candle (0:200) H - 5 uncursed wax candles (0:400) I - an uncursed brass lantern (0:1071) Gems N - 2 uncursed worthless pieces of green glass Spells known in the end: Name Level Category Fail Memory a - force bolt 1 attack 0% 98% b - magic missile 2 attack 0% 98% c - clairvoyance 3 divination 100% 98% d - detect monsters 1 divination 0% 99% Your skills at the end: Fighting Skills Weapon Skills quarterstaff [Basic] Spellcasting Skills attack spells [Basic] enchantment spells [Basic] Final Attributes: You were piously aligned. You were sleep resistant. You were magic-protected. You were telepathic. You had infravision. You are dead. Vanquished creatures: 3 gnome lords 2 gnomish wizards 5 dwarves a brown mold 7 gnomes a gnome zombie a sewer rat 20 creatures vanquished. Voluntary challenges: You were an atheist. You used a wielded weapon 31 times, starting on turn 4. You read items or engraved 6 times, starting on turn 2. You never genocided any monsters. You never polymorphed an object. You never changed form. You used no wishes. You never split a pudding. You wrote Elbereth's name 1 time, starting on turn 378. You never violated your personal moral code. You disabled loading bones files. Dungeon overview: The Dungeons of Doom: levels 1 to 2 Level 1 a long staircase Level 2 stairs to The Gnomish Mines The Gnomish Mines: levels 3 to 5 Level 3 stairs to The Dungeons of Doom Level 4 Level 5 <- You were here many shops, a temple to Thoth, some fountains History has recorded: On T:1 you entered the Dungeons of Doom to retrieve the Amulet of Yendor! On T:110 you reached level 2 of The Dungeons of Doom. On T:168 you reached level 1 of The Gnomish Mines. On T:205 you reached level 2 of The Gnomish Mines. On T:212 you advanced to experience level 2. On T:245 you advanced to experience level 3. On T:274 you advanced to experience level 4. On T:324 you reached level 3 of The Gnomish Mines. On T:416 you advanced to experience level 5. Score breakdown: Gold: 19 ( 4425 points) Experience: 5 levels (11141 points) Exploration: 5 levels ( 10.20%) ( 8660 points) Discoveries: 7 items ( 2.54%) ( 4777 points) Valuables value: (no points given unless you survive) Artifact value: 0 ( 0 points) Variety of kills: 7 monsters ( 1.85%) ( 4077 points) Time penalty: 450 turns ( 0 points) Survival: died (score multiplied by 80%) Total score: 26464 Latest messages: You carefully open the large box... You trigger a trap! You are jolted by a surge of electricity! Your wand of create monster breaks apart and explodes! Your wand of undead turning breaks apart and explodes! You die... Akranes gratefully inherits all your possessions. Final status: Goodbye nht the Wizard, killed by an exploding wand... You died in The Gnomish Mines on dungeon level 5 with 26464 points, and 19 pieces of gold, after 450 moves. You were level 5 with a maximum of 38 hit points when you died.